 Dungeon Crawl Stone Soup version 0.27-a0-1006-g1fd4cec11e (webtiles) character file.

Game seed: 2174014435229858403

1167 pokeman the Thaumaturge (level 8, -1/44 HPs)
             Began as a Deep Elf Hedge Wizard on Apr 17, 2021.
             Slain by a quokka (3 damage)
             ... on level 6 of the Dungeon.
             The game lasted 00:19:49 (7355 turns).

pokeman the Thaumaturge (Deep Elf Hedge Wizard)     Turns: 7355, Time: 00:19:49

Health: -1/44      AC:  6    Str:  7    XL:     8   Next: 17%
Magic:  12/23      EV: 12    Int: 22    God:
Gold:   177        SH:  0    Dex: 14    Spells: 14/25 levels left

rFire    . . .     SeeInvis +   B - +2 whip (elec)
rCold    . . .     Faith    .   (no shield)
rNeg     . . .     Spirit   .   d - +0 leather armour
rPois    .         Reflect  .   c - +0 hat
rElec    .         Harm     .   g - +0 cloak
rCorr    .         Rampage  .   A - +0 pair of gloves
Will     .....                  z - +0 pair of boots
Stlth    +.........             (no amulet)
HPRegen  0.14/turn              D - ring of see invisible
MPRegen  0.18/turn              (no ring)

@: very slow
A: no striking features
a: no special abilities


You were on level 6 of the Dungeon.
You visited 2 branches of the dungeon, and saw 7 of its levels.

You collected 177 gold pieces.

Inventory:

Hand Weapons
 B - a +2 whip of electrocution (weapon)
Missiles
 n - 44 arrows
 t - 15 bolts
Armour
 c - a +0 hat (worn)
 d - a +0 leather armour (worn)
 g - a +0 cloak (worn)
 o - a +0 buckler
 z - a +0 pair of boots (worn)
 A - a +0 pair of gloves (worn)
Magical Staves
 k - a staff of cold
Jewellery
 r - an amulet of guardian spirit
 D - a ring of see invisible (left hand)
Wands
 y - a wand of acid (10)
Scrolls
 a - 3 scrolls of identify {unknown}
 b - a scroll of amnesia {unknown}
 e - a scroll of holy word {unknown}
 f - 3 scrolls of teleportation {unknown}
 i - 3 scrolls of enchant armour {unknown}
 l - a scroll of enchant weapon {unknown}
 u - 2 scrolls of fear {unknown}
 v - a scroll of torment {unknown}
 w - a scroll of magic mapping {unknown}
 C - 3 scrolls of fog {unknown}
 E - a scroll of acquirement {unknown}
Potions
 h - 2 potions of might {unknown}
 j - 2 potions of curing {unknown}
 m - a potion of invisibility {unknown}
 p - 2 potions of mutation {unknown}
 q - a potion of haste
 s - a potion of berserk rage {unknown}
 x - a potion of degeneration {unknown}


   Skills:
 - Level 2.0 Fighting
 + Level 1.9 Armour
 - Level 3.2 Dodging
 - Level 3.0 Stealth
 - Level 1.0 Shields
 * Level 9.2 Spellcasting
 + Level 4.7 Conjurations
 - Level 1.1 Summonings
 - Level 1.1 Translocations
 + Level 2.8 Fire Magic
 - Level 1.2 Air Magic
 - Level 1.1 Poison Magic
 - Level 1.0 Evocations


You had 14 spell levels left.
You knew the following spells:

 Your Spells              Type           Power      Damage    Failure   Level
a - Magic Dart            Conj           100%       1d8       1%          1
b - Mephitic Cloud        Conj/Pois/Air  20%        N/A       11%         3
c - Call Imp              Summ           15%        N/A       10%         2
d - Blink                 Tloc           N/A        N/A       10%         2
e - Conjure Flame         Conj/Fire      26%        6-21      6%          3

Your spell library contained the following spells:

 Spells                   Type           Power      Damage    Failure   Level
 Slow                     Hex            10%        N/A       14%         2


Dungeon Overview and Level Annotations

Branches:
Dungeon (6/15)             Temple (1/1) D:4

Altars:
Ashenzari
Dithmenos
Elyvilon
Fedhas
Gozag
Hepliaklqana
Makhleb
Okawaru
Qazlal
Sif Muna
Trog
Uskayaw
Wu Jian
Xom
Yredelemnul
Zin
The Shining One

Annotations:
D:5 2 transporters, Vyxn's ghost, novice SpVM
D:6 Grinder


Message History

The stinking cloud engulfs the rat but does no damage.
You hear a shout!
The quokka is engulfed in noxious fumes.
The quokka appears confused.
The orc barely misses you.
Unknown command.
Unknown command.
You enter the shallow water.
Moving in this stuff is going to be slow.
The worm is engulfed in noxious fumes.
You close the door.
The quokka is engulfed in noxious fumes.
The quokka appears confused.
Something unseen opens the door.
Casting: Mephitic Cloud (dangerous; 11% risk of failure)
Confirm with . or Enter, or press ? or * to list all spells.
Aiming: Mephitic Cloud (dangerous; 11% risk of failure)
Press: ? - help, Shift-Dir - straight line, f - orc, p - quokka
Aim: an orc, wielding a +0 trident (chance to affect: 96%)
The ball explodes into a vile cloud!
The stinking cloud engulfs the orc but does no damage.
You hear a shout! x2
The orc is engulfed in noxious fumes.
The orc appears confused.
The worm is engulfed in noxious fumes.
The worm appears confused.
Unknown command.
Unknown command.
The rat bites you.
* * * LOW HITPOINT WARNING * * *
The rat closely misses you.
The orc is engulfed in noxious fumes.
The orc appears confused.
The orc misses the sky beast.
Unknown command.
You hit the rat.
The rat is heavily wounded.
The rat closely misses you. The sky beast closely misses you.
Unknown command.
The worm splashes around in the water.
The sky beast hits you.
* * * LOW HITPOINT WARNING * * *
The sky beast shocks you.
* * * LOW HITPOINT WARNING * * *
Unknown command.
The quokka bites you.
You die...

#...........##....#.#........
.............#.###.##.....##.
#......................#..##.
..............##.......##....
..........o..##.......## ....
.##......o...................
.........####.###............
#....o'##≈≈### #..........
#.....#≈≈Y≈@≈+ #........##
....Y..#≈≈w≈r≈+ #..........
#......+##r≈### #..........
##..... #### #..........
#...... ....... .......


You could see a sky beast, a worm (confused), an orc (confused), a quokka
(confused) and a rat.

Vanquished Creatures
  Sigmund (D:2)
  A steam dragon (D:5)
  4 ogres
  A phantom (D:3)
  A centaur zombie (D:5)
  A bullfrog zombie (D:5)
  2 hounds
  3 orc priests
  2 bullfrog skeletons
  An iguana (D:5)
  An orc wizard (D:5)
  A hound zombie (D:5)
  A hound skeleton (D:5)
  A howler monkey zombie (D:5)
  2 adders
  A shadow imp (D:5)
  A white imp (D:5)
  An ufetubus (D:6)
  2 dart slugs (D:4)
  20 orcs
  3 bats
  8 endoplasms
  A giant cockroach (D:4)
  A goblin (D:4)
  4 hobgoblins
  9 jackals
  8 ball pythons
  8 kobolds
  6 rats
96 creatures vanquished.

Vanquished Creatures (collateral kills)
  2 orcs (D:5)
2 creatures vanquished.

Grand Total: 98 creatures vanquished

Notes
Turn   | Place    | Note
-------+----------+-------------------------------------------
     0 | D:1      | pokeman the Deep Elf Hedge Wizard began the quest for the
                  | Orb.
     0 | D:1      | Reached XP level 1. HP: 10/10 MP: 7/7
   484 | D:1      | Reached XP level 2. HP: 14/15 MP: 1/9
  1022 | D:1      | Reached skill level 5 in Spellcasting
  1628 | D:2      | Reached XP level 3. HP: 14/20 MP: 0/11
  1632 | D:2      | Learned a level 3 spell: Mephitic Cloud
  1635 | D:2      | Learned a level 2 spell: Call Imp
  1638 | D:2      | Learned a level 2 spell: Blink
  1642 | D:2      | Learned a level 3 spell: Conjure Flame
  2234 | D:2      | Noticed Sigmund
  2572 | D:2      | Found a faded altar of an unknown god.
  2591 | D:2      | Reached skill level 1 in Armour
  2818 | D:2      | Killed Sigmund
  2819 | D:2      | Reached skill level 1 in Fighting
  2819 | D:2      | Reached skill level 6 in Spellcasting
  2819 | D:2      | Reached XP level 4. HP: 23/25 MP: 7/14
  2819 | D:2      | Reached XP level 5. HP: 27/29 MP: 7/15
  3349 | D:3      | Noticed a phantom
  3370 | D:3      | Killed a phantom
  3371 | D:3      | Reached skill level 1 in Fire Magic
  3371 | D:3      | Reached XP level 6. HP: 27/34 MP: 1/17
  3511 | D:3      | Found a shadowy altar of Dithmenos.
  4067 | D:4      | Found a staircase to the Ecumenical Temple.
  4082 | D:4      | Reached skill level 1 in Shields
  4082 | D:4      | Reached skill level 7 in Spellcasting
  4097 | Temple   | Entered the Ecumenical Temple
  4270 | D:4      | Reached skill level 1 in Air Magic
  4270 | D:4      | Reached skill level 1 in Evocations
  4705 | D:4      | Reached XP level 7. HP: 6/38 MP: 2/20
  5256 | D:4      | Found a broken altar of Ashenzari.
  5367 | D:5      | Entered Level 5 of the Dungeon
  5424 | D:5      | Reached skill level 1 in Poison Magic
  5458 | D:5      | Reached skill level 8 in Spellcasting
  5568 | D:5      | Noticed Vyxn's ghost (novice SpVM)
  5878 | D:5      | Found a transporter.
  5882 | D:5      | Found a transporter.
  5951 | D:5      | Found a shimmering blue altar of Sif Muna.
  5952 | D:5      | Found an opulent altar of Gozag.
  5952 | D:5      | Found an iron altar of Okawaru.
  5965 | D:5      | Found a burning altar of Makhleb.
  6168 | D:5      | Found a white marble altar of Elyvilon.
  6604 | D:5      | Reached XP level 8. HP: 31/44 MP: 14/22
  6920 | D:6      | Noticed Grinder
  6936 | D:6      | HP: 1/44 [steam dragon] (10)]
  7281 | D:5      | Reached skill level 9 in Spellcasting
  7354 | D:6      | HP: 1/44 [sky beast (5)]
  7355 | D:6      | Slain by a quokka

Illustrated notes

Levels and vault maps discovered:
D:1:      dpeg_arrival_boxorama, layout_basic, fountainhead,
          roderic_serpentine_path
D:2:      layout_basic, basic_ecumenical_altar, uniq_sigmund
D:3:      layout_rooms, nicolae_dithmenos_through_a_glass_darkly,
          minmay_misc_feat_alley, grunt_decor_arrowhead
D:4:      layout_loops_ring, kennysheep_mini, minmay_temple_entry_sparse_star,
          eino_tiny_chamber, minmay_misc_feat_four_crosses, grunt_decor_clamped,
          minivault_19, chequers_serial_rivers_micro_b
D:5:      layout_basic, grunt_temple_overflow_open, kennysheep_little_box,
          overflow_temple_1_default, gammafunk_ghost_arena
D:6:      layout_cave_pools, gup_sewer_entry_bowl, serial_park_tiny_pond,
          uniq_grinder
Temple:   eino_temple_lava

Skill      XL: |  1  2  3  4  5  6  7  8 |
---------------+-------------------------+-----
Spellcasting   | 5 6 7 8 9 |  9.2
Armour         | 1 |  1.9
Fighting       | 1 2 |  2.0
Dodging        | 3 |  3.2
Conjurations   | 2 3 4 |  4.7
Fire Magic     | 1 2 |  2.8
Shields        | 1 |  1.0
Air Magic      | 1 |  1.2
Evocations     | 1 |  1.0
Poison Magic   | 1 |  1.1
Stealth        | 3 |  3.0
Summonings     | |  1.1
Translocations | |  1.1

Action                   |  1- 3 |  4- 6 |  7- 9 || total
-------------------------+-------+-------+-------++-------
Melee: Dagger            |    33 |       |       ||    33
       Staff             |     4 |    22 |    21 ||    47
       Whip              |       |       |    12 ||    12
 Cast: Magic Dart        |    85 |    99 |    88 ||   272
       Call Imp          |     5 |     1 |     1 ||     7
       Mephitic Cloud    |     2 |     6 |     9 ||    17
       Conjure Flame     |     2 |       |     4 ||     6
       Blink             |       |     4 |       ||     4
 Stab: Confused          |     1 |     3 |     1 ||     5
Armor: Leather armour    |    15 |     8 |    20 ||    43
Dodge: Dodged            |    45 |    33 |    48 ||   126

Table legend: (Time is in decaauts)
 A = Elapsed time spent in this place.
 B = Non-inter-level travel time spent in this place.
 C = Inter-level travel time spent in this place.
 D = Time resting spent in this place.
 E = Time spent auto-exploring this place.
 F = Levels seen in this place.
 G = Mean time per level.
                   A        B        C        D        E       F      G
               +--------+--------+--------+--------+--------+-----+--------+
         Total |   7359 |   6989 |    370 |    602 |   5343 |   7 | 1051.3 |
       Dungeon |   7199 |   6836 |    363 |    602 |   5194 |   6 | 1199.8 |
        Temple |    160 |    153 |      7 |      0 |    149 |   1 |  160.0 |
               +--------+--------+--------+--------+--------+-----+--------+

Top non-repeatable levels by time:
     D:5: 1835 daAuts
     D:1: 1821 daAuts
     D:4: 1391 daAuts
     D:2: 1077 daAuts
     D:3: 926 daAuts
  Temple: 160 daAuts
     D:6: 147 daAuts
